[Event "44th Chess Olympiad Women 2022"]
[Site "Chennai"]
[Date "2022.08.05"]
[Round "7.29"]
[White "Nunez Giler, Fanny"]
[Black "Elansary, Eman"]
[Result "0-1"]
[ECO "B04"]
[WhiteElo "1660"]
[BlackElo "1936"]
[Annotator "TA"]
[PlyCount "80"]
[EventDate "2022.07.29"]
[EventType "team-tourn"]
[EventCountry "IND"]
[SourceTitle "playchess.com"]
[Source "ChessBase"]
[SourceQuality "1"]
[WhiteTeam "Ecuador"]
[BlackTeam "Egypt"]
[WhiteTeamCountry "ECU"]
[BlackTeamCountry "EGY"]
[TimeControl "40/5400+30:1800+30"]

1. e4 Nf6 2. e5 Nd5 3. c4 Nb6 4. d4 d6 5. exd6 cxd6 6. Nc3 g6 7. Be3 Bg7 8. Rc1 Nc6 9. b3 O-O 10. Nf3 Bg4 11. Be2 d5 12. c5 Nc8 13. O-O e6 14. Qd2 {[%emt 0:16:49] B04: Alekhine's Defence: 4 Nf3.} N8e7 (14... Bxf3 $5 15. Bxf3 N8e7 $11) 15. h3 (15. Nh4 $11 Bxe2 16. Nxe2) 15... Bxf3 $15 16. Bxf3 {[%emt 0:00:05] Black is slightly better.} Nf5 17. Ne2 Qd7 {[%emt 0:08:43] [#]} 18. Bg4 $146 ({Predecessor:} 18. g3 Rad8 19. Bg2 f6 20. g4 Nxe3 21. fxe3 e5 22. dxe5 fxe5 23. Rxf8+ Kxf8 24. Re1 {0-1 (60) Tselyutin,V (1859)-Borzov,R (2073) Zhukovsky 2012}) 18... Nxe3 19. fxe3 h5 20. Bf3 Rad8 21. Nc3 a6 (21... Bh6 $15) 22. Na4 (22. Qf2 $11 {keeps the balance.}) 22... Qe7 23. Nb6 (23. Nc3 $15) 23... Qg5 (23... f5 $1 $17 24. Kh1 f4 25. exf4 Nxd4) 24. Qf2 {[%emt 0:04:39] [#]} (24. Qe1 $15) 24... Bh6 (24... f5 $1 $17 {[%cal Rf5f4] ...f4 is the strong threat.} 25. h4 Qh6) 25. Rc3 h4 26. Bg4 $2 (26. a3 $11 {and White is okay.}) 26... f5 $19 27. Bf3 (27. Bd1 $142) 27... Bg7 28. Rd3 Qh6 ({Black should play} 28... f4 $19 {Threatens to win with ...fxe3.} 29. Kh1 fxe3 30. Qxe3 Qxe3 31. Rxe3 Nxd4) 29. Qe2 {[%emt 0:01:10] [#]} (29. Kh1 $15) 29... g5 (29... f4 $1 $17 {[%cal Rf4e3] Strongly threatening ...fxe3.} 30. e4 (30. Bg4 fxe3 31. Rxf8+ Rxf8 $17) 30... Nxd4) 30. Rfd1 Bf6 31. Na4 (31. Bh5 $15) 31... Rf7 $17 32. Nc3 Kh8 33. g4 $2 (33. Rf1 $17) 33... hxg3 $19 34. Qg2 Nb4 35. Qxg3 Nxd3 36. Rxd3 g4 37. Bg2 Rg8 {[%emt 0:00:59] Hoping for ...gxh3.} 38. Kh2 (38. h4) 38... Bd8 {[%emt 0:03:21] aiming for ...gxh3. Black is clearly winning.} 39. Ne2 Rfg7 {[%emt 0:00:46] ( -> ...gxh3)} 40. Nf4 Bh4 {[%emt 0:00:29] Weighted Error Value: White=1.19/Black=0.46} 0-1

[Event "44th Chess Olympiad Women 2022"]
[Site "Chennai"]
[Date "2022.08.05"]
[Round "7.30"]
[White "Vargas, Gabriela"]
[Black "Machlik, Monika"]
[Result "1/2-1/2"]
[ECO "A47"]
[WhiteElo "2140"]
[BlackElo "2111"]
[Annotator "TA"]
[PlyCount "73"]
[EventDate "2022.07.29"]
[EventType "team-tourn"]
[EventCountry "IND"]
[SourceTitle "playchess.com"]
[Source "ChessBase"]
[SourceQuality "1"]
[WhiteTeam "Paraguay"]
[BlackTeam "Norway"]
[WhiteTeamCountry "PAR"]
[BlackTeamCountry "NOR"]
[TimeControl "40/5400+30:1800+30"]

1. d4 Nf6 2. Nf3 e6 3. e3 b6 4. Bd3 Bb7 5. Nbd2 c5 6. b3 Be7 7. O-O Nc6 8. a3 O-O 9. Bb2 {[%emt 0:00:16] The position is equal.} Re8 {[%emt 0:02:40] A47: 1 d4 Nf6 2 Nf3 b6: Torre, London and Colle Systems.} 10. Rc1 Rc8 11. Re1 {[%emt 0:13:19] [#]} d5 $146 ({Predecessor:} 11... Bf8 12. c4 cxd4 13. exd4 d5 14. Nf1 dxc4 15. bxc4 g6 16. Ne3 Bg7 17. Bb1 Na5 18. Ne5 Nd7 19. Ba2 Nxe5 20. dxe5 h5 21. c5 Rxc5 22. Rxc5 bxc5 {0-1 (30) Rodriguez Vila,A (2508)-Mareco,S (2481) Buenos Aires 2008}) 12. Ne5 Nxe5 13. dxe5 Ne4 14. Bb5 Rf8 15. Nxe4 dxe4 16. Qe2 Qc7 17. Rcd1 {[%emt 0:01:21] [#] aiming for Rd7.} Rfd8 {[%emt 0:00:51] Against Rd7} 18. a4 Rxd1 19. Rxd1 {[%emt 0:00:23] And now Rd7 would win.} Rd8 {[%emt 0:00:04] Inhibits Rd7.} 20. g3 Rxd1+ 21. Qxd1 Qd8 22. Qe1 a5 23. Bf1 Qd5 24. c4 Qd7 25. Bc3 Bd8 26. Qb1 Be7 27. Bg2 Qc6 28. h4 h6 29. Kh2 Bd8 30. Qd1 Be7 31. Kh3 Kf8 32. Qg4 Kg8 33. Kh2 Kf8 34. Kh3 Kg8 35. Kh2 Kf8 36. Kh3 Kg8 37. Kh2 {[%emt 0:00:06] Not much happened in this game.  Weighted Error Value: White=0.01 (flawless) /Black=0.01 (flawless)} 1/2-1/2

[Event "44th Chess Olympiad Women 2022"]
[Site "Chennai"]
[Date "2022.08.05"]
[Round "7.30"]
[White "Machlik, Edit"]
[Black "Oviedo Acosta, Paula"]
[Result "1-0"]
[ECO "E76"]
[WhiteElo "2084"]
[BlackElo "1855"]
[Annotator "TA"]
[PlyCount "131"]
[EventDate "2022.07.29"]
[EventType "team-tourn"]
[EventCountry "IND"]
[SourceTitle "playchess.com"]
[Source "ChessBase"]
[SourceQuality "1"]
[WhiteTeam "Norway"]
[BlackTeam "Paraguay"]
[WhiteTeamCountry "NOR"]
[BlackTeamCountry "PAR"]
[TimeControl "40/5400+30:1800+30"]

1. d4 Nf6 2. c4 c5 3. d5 g6 4. Nc3 Bg7 5. e4 d6 6. f4 O-O 7. Nf3 e6 8. dxe6 fxe6 9. Bd3 Nc6 10. O-O Nd4 11. Bd2 {[%emt 0:00:41] [#] E76: King's Indian: Four Pawns Attack: Lines specific to 6 Nf3 move-order.} Rb8 $146 ({Predecessor:} 11... Bd7 12. Nxd4 cxd4 13. Nb5 Bc6 14. Qe2 Ne8 15. e5 Bxb5 16. cxb5 dxe5 17. fxe5 Nc7 18. Rxf8+ Qxf8 {½-½ (77) Ponomariov,R (2726)-Vovk,Y (2562) Kiev 2012}) 12. Qe1 b5 (12... a6 $11) 13. Nxd4 $16 {[%emt 0:08:17] White is clearly better.} (13. cxb5 $6 Nxf3+ 14. Rxf3 (14. gxf3 Nh5 $15) 14... Bb7 $14) (13. Nxb5 Nxf3+ 14. Rxf3 (14. gxf3 Nh5 $17) 14... a6 $11) 13... cxd4 14. Nxb5 e5 15. fxe5 dxe5 16. c5 {[%emt 0:01:55] c6 is the strong threat.} Be6 17. b4 Kh8 (17... Nh5 {might work better.} 18. Qe2 (18. Nxa7 Qd7 $14) 18... Nf4 19. Bxf4 exf4) 18. a3 $18 ({Stronger than} 18. Nxa7 Qd7 $11) 18... Nxe4 $2 (18... Nh5 {is tougher.} 19. Rc1 (19. Nxa7 Qd7 $16) 19... Qe7) 19. Rxf8+ ({Weaker is} 19. Bxe4 Rxb5 20. Rxf8+ Qxf8 $16) 19... Qxf8 20. Qxe4 Bf5 21. Qf3 e4 {[%emt 0:01:20] [#]} 22. Bxe4 Bxe4 (22... Rxb5 23. Rf1) 23. Qxf8+ (23. Qxe4 Rxb5 24. Rf1) 23... Rxf8 24. Re1 ({And not} 24. Nxa7 d3 25. Re1 Bd4+ 26. Re3 Bd5 $19) 24... Bd5 25. Nd6 (25. Nxa7 $18 {is more deadly. Black must now prevent c6.} Kg8 26. Nb5) 25... d3 26. Re8 (26. b5 $16) 26... Bd4+ $11 {[%emt 0:00:09] A strong pair of Bishops.} 27. Kh1 $1 Rxe8 28. Nxe8 {[%emt 0:00:01][%mdl 4096] Endgame KBB-KBN} Be5 29. Kg1 Kg8 30. Kf2 Kf7 31. Nd6+ Bxd6 32. cxd6 {[%emt 0:00:02] KB-KB} Ke6 33. Bf4 Bc6 34. Ke3 Bb5 35. g4 Kd5 36. Kd2 Ke4 37. Be3 a6 38. g5 Kd5 39. Bf4 (39. d7 $5 Bxd7 40. Kxd3 $14) 39... Ke4 40. Bg3 Kf3 $2 {[%emt 0:00:39][%mdl 8192] [#]} (40... Kd4 $14) 41. Be1 $2 (41. a4 $1 $18 Bxa4 42. Kxd3) 41... Kg4 42. h4 Kf3 43. d7 (43. a4 $5 Bxa4 44. Kxd3 Bb5+ 45. Kd4 $14) 43... Bxd7 44. Kxd3 Kg4 45. Kd4 {[%emt 0:03:14] Threatens to win with Kc5. Black is on the road to losing.} Kh5 $2 (45... Bb5 $16) 46. Kc5 $18 Bb5 47. Kb6 h6 48. Bd2 hxg5 49. Bxg5 {[%emt 0:00:50] White mates.} Be2 50. a4 Kg4 51. b5 axb5 52. axb5 Kf5 53. Kc6 Ke6 54. b6 Bf3+ 55. Kc7 Ba8 56. b7 Bxb7 57. Kxb7 {[%emt 0:00:02] KB-KP} Kd7 58. Bf4 Ke6 59. Kc6 Kf5 60. Bg5 Ke6 61. Kc7 Kf7 62. Kd7 Kf8 63. Ke6 Kg7 64. Ke7 Kg8 65. Kf6 Kh7 66. Kf7 {[%emt 0:00:06] Weighted Error Value: White=0.41/Black=0.31} 1-0

[Event "44th Chess Olympiad Women 2022"]
[Site "Chennai"]
[Date "2022.08.05"]
[Round "7.30"]
[White "Rodsmoen, Maud"]
[Black "Montiel Caceres, Helen"]
[Result "1-0"]
[ECO "B49"]
[WhiteElo "1975"]
[BlackElo "1763"]
[Annotator "TA"]
[PlyCount "89"]
[EventDate "2022.07.29"]
[EventType "team-tourn"]
[EventCountry "IND"]
[SourceTitle "playchess.com"]
[Source "ChessBase"]
[SourceQuality "1"]
[WhiteTeam "Norway"]
[BlackTeam "Paraguay"]
[WhiteTeamCountry "NOR"]
[BlackTeamCountry "PAR"]
[TimeControl "40/5400+30:1800+30"]

1. e4 {[%emt 0:00:02] Giese} c5 2. Nf3 e6 3. d4 cxd4 4. Nxd4 Nc6 5. Nc3 Qc7 6. Be3 a6 7. Be2 Nf6 8. O-O Bb4 9. Na4 O-O 10. Nxc6 bxc6 11. Nb6 {[%emt 0:07:10] 11.f4 is not played anymore.} Rb8 12. Nxc8 Qxc8 13. e5 {[%emt 0:10:05] B49: Sicilian: Taimanov: 5 Nc3 Qc7 6 Be3 a6 7 Be2.} Nd5 14. Bc1 {[%emt 0:04:14] [#]} (14. Ba7 $5 ) 14... c5 $146 (14... Qc7 $11) ({Predecessor:} 14... Bc5 15. Qd3 Qc7 16. Qe4 f5 17. exf6 Rxf6 18. Bd3 g6 19. Kh1 Bxf2 20. Bg5 Rf5 {½-½ (45) Hansen,S (2490)-Hansen,C (2635) Aars 1995 CBM 050 [Giese]}) 15. c4 {[%emt 0:07:29] White is slightly better.} (15. c3 $5 Ba5 16. Qa4 $14) 15... Ne7 16. Bd3 Qc7 ({Black should try} 16... Nc6 $14) 17. Qh5 (17. Bg5 $1 $16 Rfe8 18. f4) 17... Ng6 18. f4 ({White should play} 18. Be3 $16) 18... d6 (18... d5 $11) 19. Rf3 $1 $16 dxe5 20. Rh3 (20. f5 $1 $16 {Black must now prevent Rh3.} exf5 21. Bxf5) 20... h6 $11 21. Bxg6 (21. f5 {feels hotter.} Nf4 22. Bxf4 exf4 23. fxe6 Rb6 24. exf7+ Qxf7 25. Rd1) 21... fxg6 22. Qxe5 Qxe5 23. fxe5 Rf5 (23... Rfd8 $5 24. Be3 Bd2 $15) 24. Be3 Ba5 25. b3 Bc3 26. Rd1 Rc8 {[%emt 0:02:48] [#]} (26... Bxe5 $11 {keeps the balance.} 27. Bxc5 (27. g4 Rff8 $11) 27... Bxh2+ $1 28. Kxh2 Rxc5) 27. Bxc5 $1 $16 Bxe5 28. Bb4 Bb8 (28... a5 $14 29. Bc3 a4) 29. Rf3 Ba7+ {[%emt 0:00:51] [#]} 30. Kf1 $1 Rc6 (30... Bc5 $16) 31. Bc3 Bc5 32. Rd8+ Kh7 (32... Kf7 $142 33. Rd7+ Kf8 34. Rxg7 (34. Bxg7+ Ke8 $16) 34... Bb4) 33. Ke2 $18 Rc7 34. Ra8 Rc6 35. Rd8 Rc7 $1 36. h3 h5 37. Re8 Rc6 38. b4 Bg1 39. c5 a5 40. a3 ({And not} 40. bxa5 Rfxc5 41. Bd2 Rc2 $11) 40... Rg5 $2 (40... axb4 41. axb4 Bxc5 42. bxc5 Rfxc5) 41. Rff8 {[%emt 0:04:17][%csl Ge8][%cal Rf8h8] White is clearly winning.} Rxg2+ 42. Kf1 Rf2+ 43. Rxf2 Bxf2 44. Kxf2 axb4 45. axb4 {[%emt 0:00:06] Weighted Error Value: White=0.29 (precise) /Black=0.35} 1-0

[Event "44th Chess Olympiad Women 2022"]
[Site "Chennai"]
[Date "2022.08.05"]
[Round "7.30"]
[White "Perez, Dalila"]
[Black "Stanford, Sheila Barth"]
[Result "0-1"]
[ECO "D90"]
[WhiteElo "1799"]
[BlackElo "2097"]
[Annotator "TA"]
[PlyCount "86"]
[EventDate "2022.07.29"]
[EventType "team-tourn"]
[EventCountry "IND"]
[SourceTitle "playchess.com"]
[Source "ChessBase"]
[SourceQuality "1"]
[WhiteTeam "Paraguay"]
[BlackTeam "Norway"]
[WhiteTeamCountry "PAR"]
[BlackTeamCountry "NOR"]
[TimeControl "40/5400+30:1800+30"]

1. d4 Nf6 2. Nf3 g6 3. c4 Bg7 4. Nc3 d5 5. g3 dxc4 6. Qa4+ {[%emt 0:02:41] D90: Grünfeld: 4 Nf3 Bg7 sidelines.} Nfd7 7. Bf4 O-O 8. Qxc4 {[%emt 0:06:29] The position is equal.} Nc6 9. Nd5 (9. Rd1 $11 {remains equal.}) 9... Nb6 $17 10. Nxb6 axb6 11. Rd1 $1 Ra5 {[%emt 0:05:41] [#]} 12. a3 $146 ({Predecessor:} 12. e4 Bg4 13. Be2 Bxf3 14. Bxf3 Nxd4 15. Bg4 e5 16. Bd2 Rc5 17. Qa4 h5 18. Be2 {0-1 (26) Cantrell,G (2074)-Wolff,P (2570) Sioux Falls 2001}) 12... Bf5 (12... Bg4 $17 {...Bxf3 is the strong threat.} 13. Ne5 Be6 14. Nxc6 bxc6) 13. Bg2 Be4 14. Be3 e6 (14... Qd5 $17 15. Qxd5 Rxd5) 15. O-O $15 Ne7 16. Bd2 Ra6 17. Bb4 Re8 18. Bxe7 Rxe7 19. e3 Rd7 20. Rc1 c6 (20... c5 $5) 21. Rfe1 b5 22. Qe2 Bd5 23. Qc2 f5 {Against e4} 24. Ne5 {[%emt 0:00:26] [#]} (24. h4 $11) 24... Bxe5 (24... Bxg2 $1 $17 25. Kxg2 (25. Nxd7 $2 Be4 $19) 25... Bxe5 26. dxe5 Rd2) 25. dxe5 (25. Bxd5 $15 Rxd5 26. dxe5) 25... Bxg2 $17 26. Kxg2 Rd2 27. Qc3 Ra8 {Black is more active.} 28. Kg1 Qd5 {Prevents Qb3.} (28... Ra4 $17) 29. e4 {[%emt 0:01:56] This costs White the game.} ({Better is} 29. Qb4 $1 $15) 29... fxe4 $19 30. Rxe4 Rxf2 $1 ({Weaker is} 30... Qxe4 31. Qxd2 Qxe5 32. Re1 $11) 31. Kxf2 Qxe4 {[%emt 0:00:18][%mdl 4096] Endgame KQR-KQR} 32. Kg1 Rf8 33. Qc5 (33. Re1 $142 Qd5 34. Re3) 33... Rf3 34. Qb6 Qe3+ 35. Qxe3 {[%emt 0:00:00] Black is clearly better.} Rxe3 {[%emt 0:00:25] KR-KR} 36. Rd1 Rxe5 37. Rd8+ Kf7 38. Rd7+ Kf6 39. Rxb7 Re2 40. Rc7 Rxb2 41. Rxc6 Kf5 42. Rb6 Rb3 43. Kf2 {[%emt 0:03:24] [#]} e5 $1 {[%emt 0:05:21] Weighted Error Value: White=0.31/Black=0.18 (very precise)} ({Worse is} 43... Rxa3 44. Rxb5+ e5 45. h3 $17) 0-1

[Event "44th Chess Olympiad Women 2022"]
[Site "Chennai"]
[Date "2022.08.05"]
[Round "7.31"]
[White "Norlamo, Sarabella"]
[Black "Onoja, Iyefu Joy"]
[Result "1-0"]
[ECO "D35"]
[WhiteElo "1925"]
[BlackElo "1869"]
[Annotator "TA"]
[PlyCount "123"]
[EventDate "2022.07.29"]
[EventType "team-tourn"]
[EventCountry "IND"]
[SourceTitle "playchess.com"]
[Source "ChessBase"]
[SourceQuality "1"]
[WhiteTeam "Finland"]
[BlackTeam "Nigeria"]
[WhiteTeamCountry "FIN"]
[BlackTeamCountry "NGR"]
[TimeControl "40/5400+30:1800+30"]

1. d4 d5 2. c4 e6 3. cxd5 exd5 4. Nc3 Nf6 5. Bg5 Be7 6. e3 O-O 7. Bd3 b6 (7... c6 $11) 8. Rc1 {[%emt 0:02:36] D35: Queen's Gambit Declined: Exchange Variation.} (8. Bxf6 $16 Bxf6 9. Qh5) 8... Bb7 $14 9. Qc2 Nbd7 10. Nge2 {[%emt 0:03:36] White has an edge.} c5 11. O-O h6 12. Bf4 Nh5 {[%emt 0:04:33] [#]} 13. Bg3 $146 (13. Bh7+ $14 Kh8 14. dxc5) ({Predecessor:} 13. Bf5 Nxf4 14. Nxf4 Nf6 15. dxc5 Bxc5 16. Rfd1 Bd6 17. Qb3 Bxf4 18. exf4 Qd6 19. Rd4 a6 20. Rcd1 Rfd8 21. Bh3 Qc7 22. g3 Rd6 23. Bg2 Rad8 24. h3 R8d7 {½-½ (24) Pancu,A (1881)-Hrib,A (1722) Olanesti 2016}) 13... cxd4 14. Nxd4 Nxg3 15. hxg3 Bc5 16. Qa4 Ne5 17. Bb1 a5 18. Rfd1 Qf6 19. Qb3 Nc4 20. Na4 Rab8 21. Qc2 g6 22. Qe2 Rfe8 23. Qc2 Rec8 {[%emt 0:04:44][%cal Oc4e3] Threatens to win with ...Nxe3!} 24. Qe2 Re8 {[%emt 0:00:35] White must now prevent ...Bxd4.} 25. Qc2 Rec8 (25... Rbc8 $5 26. Qb3 Re7 $11) 26. Nc3 Rd8 27. Ncb5 Rd7 28. Qe2 Re7 29. Bd3 Ne5 30. Bc2 ({Better is} 30. Qf1 $11) 30... Nc6 (30... h5 $15) 31. Qg4 (31. Qf3 $5 Qxf3 32. Nxf3 $11) 31... Nb4 32. Bb1 Ba6 (32... Nc6 $11) 33. Nc3 {[%emt 0:00:26] Hoping for a3. Pair of Knights!} Bb7 34. a3 Na6 35. Ncb5 Nc7 36. Nc3 h5 37. Qh4 Qxh4 38. gxh4 Rd8 39. Na4 Bxd4 40. Rxd4 Ne6 41. Rdd1 Rd6 42. Ba2 Ng7 43. Nc3 Re5 44. Nb5 Rd7 45. Rc7 Ree7 46. Rxd7 {[%emt 0:01:23] White is more active.} Rxd7 47. Nc3 $36 {[%emt 0:03:56][%mdl 2048] White has strong initiative.} d4 48. Na4 $2 {[%emt 0:02:03][%mdl 8192] [#]} ({Of course not} 48. exd4 Nf5 $11) (48. Bb1 $16 {keeps the pressure on.}) 48... Nf5 $2 (48... dxe3 $1 $19 49. Rc1 (49. Rxd7 $2 {loses.} e2 $19) 49... b5) 49. Nxb6 $16 Re7 (49... Rd8 $16 {was necessary.}) 50. exd4 $18 Nxh4 $2 (50... Ba6 51. d5 Be2) 51. d5 Re2 52. d6 {[%emt 0:00:49] aiming for d7. White is clearly winning.} Bc6 53. d7 Bxd7 54. Rxd7 Rxb2 55. Bxf7+ Kf8 56. Nc4 Rb5 57. Ra7 Rg5 58. g3 Nf3+ 59. Kf1 Nh2+ 60. Kg2 {[%emt 0:00:23] Strongly threatening Be6.} Ng4 61. Be6 Nf6 62. Rf7+ {[%emt 0:00:15] Weighted Error Value: White=0.30/Black=0.38} 1-0

[Event "44th Chess Olympiad Women 2022"]
[Site "Chennai"]
[Date "2022.08.05"]
[Round "7.31"]
[White "Ogbiyoyo, Perpetual Eloho"]
[Black "Tuominen, Tanja"]
[Result "1-0"]
[ECO "B21"]
[WhiteElo "1886"]
[BlackElo "2080"]
[Annotator "TA"]
[PlyCount "91"]
[EventDate "2022.07.29"]
[EventType "team-tourn"]
[EventCountry "IND"]
[SourceTitle "playchess.com"]
[Source "ChessBase"]
[SourceQuality "1"]
[WhiteTeam "Nigeria"]
[BlackTeam "Finland"]
[WhiteTeamCountry "NGR"]
[BlackTeamCountry "FIN"]
[TimeControl "40/5400+30:1800+30"]

1. e4 c5 2. f4 d5 3. Bb5+ Nc6 4. Bxc6+ bxc6 5. d3 g6 6. Nf3 {[%emt 0:01:07] B21: Sicilian: 2 f4 and Morra Gambit.} Bg7 (6... dxe4 $11 7. dxe4 Qxd1+ 8. Kxd1 Bg7) 7. Nc3 Ba6 8. e5 {[%emt 0:03:45] [#] White is slightly better.} c4 $146 ({Predecessor:} 8... Nh6 9. O-O e6 10. Kh1 Qe7 11. Qe1 O-O 12. b3 c4 13. bxc4 dxc4 14. d4 Rfd8 {½-½ (38) Soto,J (1755)-Moldovan,A (1685) Villa Martelli 2018}) 9. d4 h5 10. Be3 (10. e6 $5 ) 10... Nh6 11. h3 Nf5 12. Bf2 h4 13. Qd2 Rb8 (13... Qa5 $11) 14. Rb1 (14. Na4 $1 $14) 14... Qa5 15. O-O Bc8 (15... e6 $1 $11 {keeps the balance.}) 16. Ne2 (16. b3 $16) 16... Qxd2 $11 17. Nxd2 f6 18. Nf3 (18. b3 $5 ) 18... Kf7 19. Rfe1 Be6 20. b3 cxb3 (20... Bd7 $11) 21. axb3 $16 Bc8 22. Ra1 a6 23. Ra2 Rh5 24. Rea1 g5 25. fxg5 fxg5 26. Ne1 ({White should play} 26. Ra4 $16) 26... c5 (26... Rh6 $14) 27. Nd3 (27. dxc5 $16 {aiming for Nd3.} Bxe5 28. Rd1) 27... cxd4 28. Nxd4 Nxd4 29. Bxd4 Rh6 30. Nc5 Rc6 31. c3 Rxc5 32. Bxc5 Bxe5 33. Rf1+ Ke8 $2 {[%emt 0:02:21][%mdl 8192] This move loses the game for Black.} (33... Kg6 $16) 34. Re2 $18 Bf4 35. Rxe7+ Kd8 36. b4 Rb5 {[%emt 0:01:32][%cal Ob5c5] [#] Threatens to win with ...Rxc5!} 37. Rfe1 {[%emt 0:01:47] White is clearly winning.} Bd7 38. Rg7 Rb7 39. Rd1 Be5 40. Rxg5 Bxc3 41. Rgxd5 Ke8 42. Rf1 {[%emt 0:00:00][%csl Gc5][%cal Rf1f8] [#]} Kd8 43. Rd6 a5 44. Rb6 Rc7 (44... Kc8 $142 45. bxa5 Bxa5 46. Rf8+ Kc7) 45. Rf8+ Be8 46. Rb8+ {[%emt 0:00:00] Weighted Error Value: White=0.26 (precise) /Black=0.52} 1-0

[Event "44th Chess Olympiad Women 2022"]
[Site "Chennai"]
[Date "2022.08.05"]
[Round "7.32"]
[White "Varela La Madrid, Tilsia Carolina"]
[Black "Granados Diaz, Maria Esther"]
[Result "1-0"]
[ECO "B03"]
[WhiteElo "2079"]
[BlackElo "1888"]
[Annotator "TA"]
[PlyCount "83"]
[EventDate "2022.07.29"]
[EventType "team-tourn"]
[EventCountry "IND"]
[SourceTitle "playchess.com"]
[Source "ChessBase"]
[SourceQuality "1"]
[WhiteTeam "Venezuela"]
[BlackTeam "Nicaragua"]
[WhiteTeamCountry "VEN"]
[BlackTeamCountry "NCA"]
[TimeControl "40/5400+30:1800+30"]

1. e4 Nf6 2. e5 Nd5 3. c4 Nb6 4. d4 d6 5. f4 dxe5 6. fxe5 Nc6 7. Be3 Bf5 8. Nf3 e6 {[%emt 0:00:11] B03: Alekhine's Defence: Four Pawns Attack.} (8... Nb4 $5 ) 9. Be2 Bxb1 (9... Nb4 $11 {keeps the balance.}) 10. Rxb1 Bb4+ {[%emt 0:00:07] White is better.} 11. Kf2 O-O 12. c5 Nd5 13. a3 {[%emt 0:00:59] [#]} Ba5 $146 (13... f6 $16 {is a better defense.}) ({Predecessor:} 13... Bxa3 14. bxa3 Nc3 15. Qc2 Nxb1 16. Rxb1 Rb8 17. Kg1 h6 18. Bc4 Ne7 19. Qe4 c6 20. Nh4 {1-0 (20) Perez Candelario,M (2070)-Garcia,B (1800) Spain 1997}) 14. b4 $18 Nc3 (14... f6 $142) 15. Qc2 Nxb1 16. Rxb1 f6 (16... Bxb4 $142 17. axb4 h6) 17. Kg1 (17. bxa5 fxe5 18. dxe5 Nxe5) 17... f5 18. Bc4 (18. bxa5 Nxa5 19. Ng5 Qd7 $18) 18... Qd7 19. Qb3 (19. bxa5 Nxa5 20. Ba2 b5 $18) 19... Rae8 20. Bxe6+ {[%emt 0:03:49][%mdl 64] [#] Remove Defender, Decoy} (20. bxa5 Nxa5 21. Qb5 Qxb5 22. Bxb5 Nc6 $18) 20... Qxe6 21. d5 Qf7 22. dxc6 (22. Ng5 $142 Qg6 23. dxc6+ Kh8 24. cxb7) 22... Qxb3 23. Rxb3 bxc6 24. bxa5 Rb8 25. Rd3 (25. Rxb8 $142 Rxb8 26. Nd4) 25... Rfd8 26. Rxd8+ Rxd8 27. Nd4 ({Better is} 27. e6 $18) 27... f4 $1 $14 28. Bf2 {[%emt 0:00:04] Kf1 is the strong threat.} (28. Nxc6 Rd1+ 29. Kf2 fxe3+ 30. Kxe3 Ra1 $17) 28... Rd5 $1 29. Nf3 Rd1+ 30. Be1 $1 Rc1 31. Kf1 Rxc5 32. Ke2 {[%emt 0:02:09] next Kd3 is good for White.} Rc2+ (32... g5 $11) 33. Bd2 $16 {[%emt 0:00:28] And now e6 would win.} c5 $2 {[%emt 0:00:27] This move loses the game for Black.} (33... Ra2 $14) 34. Kd3 $18 Ra2 35. Kc4 (35. Bxf4 Rxa3+ 36. Ke4 Ra4+ 37. Ke3 h6 $11) 35... Rxa3 36. Kxc5 {[%emt 0:00:19] Black must now prevent Kc6.} Ra2 $2 (36... Kf8 37. Kc6 (37. Bxf4 Rxa5+ 38. Kc6 Ra4 $16) 37... Ke8) 37. Kc6 {[%emt 0:00:29] Threatens to win with e6.} g5 38. e6 {[%emt 0:00:55][%cal Be5e6,Be6e7][%mdl 32] e7 would kill now.} Ra3 39. Ne5 (39. Nxg5 $142 Rb3 40. e7 Rb8 41. Kxc7 Ra8 42. Kd7 Rb8 43. Bxf4 Rf8 44. exf8=Q+ Kxf8 45. Nxh7+ Kg7 {[#]} 46. Ke7 $1) 39... Ra2 40. e7 {[%emt 0:00:31] White mates.} Rc2+ 41. Kb7 Rb2+ 42. Kxa7 {[%emt 0:00:18] Weighted Error Value: White=0.30/Black=0.84} 1-0